 Dungeon Crawl Stone Soup version 0.31-a0-940-gdaa99269f9 (webtiles) character file.

Game seed: 18331502723359819428

1565021 MackTheKnife the Hoplite (level 26, 261/261 HPs)
             Began as a Red Draconian Enchanter on Oct 18, 2023.
             Was the Champion of Ashenzari.
             Escaped with the Orb
             ... and 3 runes on Oct 20, 2023!
             The game lasted 02:43:24 (78154 turns).

MackTheKnife the Hoplite (Red Draconian Enchanter) Turns: 78154, Time: 02:43:24

Health: 261/261    AC: 20    Str: 11    XL:     26   Next: 5%
Magic:  31/41      EV: 39    Int: 29    God:    Ashenzari [******]
Gold:   5885       SH: 26    Dex: 23    Spells: 14/53 levels left

rFire   + + .        a - +2 Maxwell's thermic engine {flame, freeze, rev, Cun, Melee} (curse)
rCold   + . .        H - +2 kite shield of the Tethered Ennui {rC+ rF+, Bglg, Cun} (curse)
rNeg    . . .        (body armour unavailable)
rPois   .            y - +2 hat "Enlightened Failure" {Stlth+, Range, Melee} (curse)
rElec   .            X - +1 cloak of Starlight {*Dazzle EV+4 Stlth--, Cun, Elem} (curse)
rCorr   +            F - +0 pair of gloves "Bound Malaise" {Self, Melee} (curse)
SInv    +            j - +2 pair of boots "Revealing Ordeal" {Elem, Alch} (curse)
Will    ++...        k - amulet of Ashenzari's Hedonism {Reflect Str+2 Slay+3 SH+5, Self, Dev} (curse)
Stlth   ++           q - ring "Skepticism of Ashenzari" {Will+, Cun, Fort} (curse)
HPRegen 0.63/turn    z - ring of Star-Bound Wisdom {rCorr Int+6 Dex+3 Slay+3, Melee, Fort} (curse)
MPRegen 0.27/turn

%: reflection, clarity
@: mighty, hasted (expiring), studying Unarmed Combat, very quick
A: breathe fire, AC +12, unfitting armour, fire resistance 1, cold-blooded,
stinger 1, clarity, clever 1, sense surroundings 1, wild magic 1
0: Orb of Zot
}: 3/15 runes: decaying, silver, gossamer
a: Breathe Fire, Renounce Religion, Shatter the Chains


You escaped.
You worshipped Ashenzari.
Ashenzari was exalted by your worship.
You visited 10 branches of the dungeon, and saw 48 of its levels.
You also visited: Ice Cave and Desolation.

You collected 7351 gold pieces.
You spent 1466 gold pieces at shops.


Innate Abilities, Weirdness & Mutations

You can breathe blasts of fire.
Your fiery red scales are hard. (AC +12)
You cannot fit into any form of body armour.
Your flesh is heat resistant. (rF+)
You are cold-blooded and may be slowed by cold attacks.
Your tail ends in a venomous barb.
You possess an exceptional clarity of mind.
Your mind is acute. (Int +4, Str/Dex -1)
You passively map a small area around you.
Your spells are a little harder to cast, but a little more powerful.


   Skills:
 - Level 23.0(26.1) Fighting
 - Level 4.0(12.2) Short Blades
 - Level 13.1(18.9) Long Blades
 - Level 20.9(26.2) Dodging
 - Level 6.5(12.0) Stealth
 - Level 23.0(26.1) Shields
 - Level 10.4(14.0) Spellcasting
 - Level 7.9(10.4) Conjurations
 + Level 13.4(15.8) Hexes
 - Level 6.0 Necromancy
 - Level 14.8(17.1) Translocations
 - Level 8.7(11.2) Transmutations
 - Level 5.0(8.4) Ice Magic
 - Level 5.6(9.1) Air Magic
 - Level 6.2(8.7) Poison Magic
 - Level 6.2(8.7) Evocations


You had 14 spell levels left.
You knew the following spells:

 Your Spells              Type           Power      Damage    Failure   Level
a - Ensorcelled Hibernat  Hex/Ice        100%       N/A       1%          2
b - Confusing Touch       Hex            98%        N/A       1%          3
c - Olgreb's Toxic Radia  Pois           75%        N/A       1%          4
d - Yara's Violent Unrav  Hex/Tmut       45%        3d18      1%          5
e - Irradiate             Conj/Tmut      41%        3d25      1%          5
f - Freezing Cloud        Conj/Ice/Air   38%        6-21      3%          5
g - Manifold Assault      Tloc           100%       N/A       1%          4
h - Animate Dead          Necr           64%        N/A       4%          4
i - Enfeeble              Hex            49%        N/A       5%          7

Your spell library contained the following spells:

 Spells                   Type           Power      Damage    Failure   Level
 Apportation              Tloc           100%       N/A       1%          1
 Shock                    Conj/Air       100%       1d9       1%          1
 Slow                     Hex            100%       N/A       1%          1
 Sting                    Tmut/Pois      100%       1d8       1%          1
 Blink                    Tloc           100%       N/A       1%          2
 Cigotuvi's Dreadful Rot  Necr/Pois/Air  100%       N/A       1%          2
 Jinxbite                 Hex            100%       N/A       1%          2
 Passwall                 Tmut/Erth      52%        N/A       1%          2
 Poisonous Vapours        Pois/Air       100%       N/A       1%          2
 Static Discharge         Conj/Air       100%       3-8/arc   1%          2
 Sublimation of Blood     Necr           64%        N/A       1%          2
 Dazzling Flash           Conj/Hex       100%       N/A       1%          3
 Frozen Ramparts          Ice            100%       1d16      1%          3
 Hailstorm                Conj/Ice       78%        3d16      1%          3
 Ignite Poison            Fire/Tmut/Pois 67%        N/A       1%          3
 Inner Flame              Hex/Fire       73%        N/A       1%          3
 Mephitic Cloud           Conj/Pois/Air  78%        N/A       1%          3
 Sigil of Binding         Hex            98%        N/A       1%          3
 Summon Guardian Golem    Hex/Summ       72%        N/A       1%          3
 Swiftness                Air            77%        N/A       1%          3
 Tukima's Dance           Hex            98%        N/A       1%          3
 Vampiric Draining        Necr           64%        2d10      1%          3
 Volatile Blastmotes      Fire/Tloc      100%       2d18      1%          3
 Anguish                  Hex/Necr       41%        N/A       1%          4
 Cause Fear               Hex            49%        N/A       1%          4
 Dimensional Bullseye     Hex/Tloc       50%        N/A       1%          4
 Iskenderun's Mystic Bla  Conj/Tloc      92%        2d18      1%          4
 Leda's Liquefaction      Hex/Erth       36%        N/A       1%          4
 Passage of Golubria      Tloc           100%       N/A       1%          4
 Vhi's Electric Charge    Tloc/Air       100%       N/A       1%          4
 Metabolic Englaciation   Hex/Ice        43%        N/A       1%          5
 Silence                  Hex/Air        44%        N/A       1%          5
 Alistair's Intoxication  Tmut/Pois      53%        N/A       2%          5
 Arcjolt                  Conj/Air       39%        1d49      2%          5
 Summon Small Mammal      Summ           100%       N/A       4%          1
 Dispel Undead            Necr           64%        3d22      4%          4
 Flame Wave               Conj/Fire      61%        2d14      4%          4
 Petrify                  Tmut/Erth      63%        N/A       4%          4
 Sticky Flame             Conj/Fire      61%        2d8       4%          4
 Summon Mana Viper        Hex/Summ       72%        N/A       4%          5
 Summon Lightning Spire   Summ/Air       57%        N/A       6%          4
 Summon Ice Beast         Ice/Summ       55%        N/A       8%          4
 Agony                    Necr           64%        N/A       10%         5
 Call Canine Familiar     Summ           26%        N/A       12%         3
 Disjunction              Tloc           51%        N/A       22%         8
 Borgnjor's Vile Clutch   Necr/Erth      25%        N/A       26%         5
 Simulacrum               Ice/Necr       34%        N/A       28%         6
 Discord                  Hex            49%        N/A       34%         8
 Orb of Destruction       Conj           40%        9d11      38%         7
 Death Channel            Necr           32%        N/A       41%         6
 Bombard                  Conj/Erth      30%        9d5       47%         6
 Lee's Rapid Deconstruct  Erth           15%        3d10*     58%         5
 Spellforged Servitor     Conj/Summ      30%        N/A       97%         7
 Haunt                    Necr/Summ      24%        N/A       100%        7
 Ignition                 Fire           15%        3d6       100%        8
 Infestation              Necr           32%        N/A       100%        8
 Chain Lightning          Conj/Air       39%        3d52      100%        9
 Fire Storm               Conj/Fire      30%        8d8       100%        9
 Shatter                  Erth           15%        3d15*     100%        9
 Animate Armour           Summ/Erth      Unusable   N/A       N/A         4

Inventory:

Hand Weapons
 a - the cursed +2 Maxwell's thermic engine (weapon) {flame, freeze, rev, Cun, Melee}
   (You found it on level 7 of the Dungeon)

   It has a curse which improves the following skills: Cunning: Dodging and
   Stealth.
   Melee Combat: Short Blades, Long Blades, Axes, Maces & Flails, Polearms,
   Staves and Unarmed Combat.
 f - the +2 dagger of Pigode {flame, rC++ rN++ Dex-2, short}
   (You took it off a guardian mummy on level 3 of the Realm of Zot)

   Dex-2:     It affects your dexterity (-2).
   rC++:      It greatly protects you from cold.
   rN++:      It greatly protects you from negative energy.
Armour
 j - the cursed +2 pair of boots "Revealing Ordeal" (worn) {Elem, Alch}
   (You found it on level 5 of the Lair of Beasts)

   It has a curse which improves the following skills: Elements: Fire Magic, Ice
   Magic, Air Magic and Earth Magic.
   Alchemy:   Poison Magic and Transmutations.
 y - the cursed +2 hat "Enlightened Failure" (worn) {Stlth+, Range, Melee}
   (You took it off Gastronok on level 1 of the Lair of Beasts)

   It has a curse which improves the following skills: Ranged Combat: Ranged
   Weapons and Throwing.
   Melee Combat: Short Blades, Long Blades, Axes, Maces & Flails, Polearms,
   Staves and Unarmed Combat.
 F - the cursed +0 pair of gloves "Bound Malaise" (worn) {Self, Melee}
   (You found it on level 14 of the Dungeon)

   It has a curse which improves the following skills: Introspection: Fighting
   and Spellcasting.
   Melee Combat: Short Blades, Long Blades, Axes, Maces & Flails, Polearms,
   Staves and Unarmed Combat.
 H - the cursed +2 kite shield of the Tethered Ennui (worn) {rC+ rF+, Bglg, Cun}
   (You found it on level 9 of the Dungeon)

   It has a curse which improves the following skills: Beguiling: Conjurations,
   Hexes and Translocations.
   Cunning:   Dodging and Stealth.
 X - the cursed +1 cloak of Starlight (worn) {*Dazzle EV+4 Stlth--, Cun, Elem}
   (You found it on level 2 of the Depths)

   *Dazzle:   It may blind those who miss an attack against the wearer in melee
   combat.
   EV+4:      It affects your evasion (+4).
   Stlth--:   It makes you much less stealthy.
   It has a curse which improves the following skills: Cunning: Dodging and
   Stealth.
   Elements:  Fire Magic, Ice Magic, Air Magic and Earth Magic.
Jewellery
 k - the cursed amulet of Ashenzari's Hedonism (around neck) {Reflect Str+2 Slay+3 SH+5, Self, Dev}
   (You took it off a goblin on level 3 of the Dungeon)

   [amulet of reflection]

   Reflect:   It reflects blocked missile attacks.
   Str+2:     It affects your strength (+2).
   Slay+3:    It affects your accuracy & damage with ranged weapons and melee
   (+3).
   SH+5:      It affects your SH (+5).
   It has a curse which improves the following skills: Introspection: Fighting
   and Spellcasting.
   Devices:   Evocations and Shapeshifting.
 q - the cursed ring "Skepticism of Ashenzari" (left hand) {Will+, Cun, Fort}
   (You took it off a kobold on level 3 of the Dungeon)

   [ring of willpower]

   Will+:     It increases your willpower.
   It has a curse which improves the following skills: Cunning: Dodging and
   Stealth.
   Fortitude: Shields.
 z - the cursed ring of Star-Bound Wisdom (right hand) {rCorr Int+6 Dex+3 Slay+3, Melee, Fort}
   (You took it off Maggie on level 2 of the Lair of Beasts)

   [ring of intelligence]

   Int+6:     It affects your intelligence (+6).
   Dex+3:     It affects your dexterity (+3).
   Slay+3:    It affects your accuracy & damage with ranged weapons and melee
   (+3).
   rCorr:     It protects you from acid and corrosion.
   It has a curse which improves the following skills: Melee Combat: Short
   Blades, Long Blades, Axes, Maces & Flails, Polearms, Staves and Unarmed
   Combat.
   Fortitude: Shields.
 S - the ring "Loocucwi" {rPois rN+ rCorr Str+2 Int-4}
   (You found it in the Desolation of Salt)

   [ring of poison resistance]

   Str+2:     It affects your strength (+2).
   Int-4:     It affects your intelligence (-4).
   rPois:     It protects you from poison rN+: It protects you from negative
   energy.
   rCorr:     It protects you from acid and corrosion.
Wands
 b - a wand of roots (34)
   (You found it on level 2 of the Lair of Beasts)
 v - a wand of flame (169)
   (You found it on level 5 of the Dungeon)
 C - a wand of charming (27)
   (You found it on level 11 of the Dungeon)
 D - a wand of mindburst (40)
   (You found it on level 12 of the Dungeon)
 K - a wand of polymorph (25)
   (You found it on level 1 of the Spider Nest)
 W - a wand of digging (18)
   (You found it on level 2 of the Depths)
Scrolls
 c - a scroll of poison {!r}
 d - 6 scrolls of fear
 e - 7 scrolls of vulnerability {!r!r}
 i - 5 scrolls of immolation {!r!r}
 l - 5 scrolls of blinking {!r}
 n - a scroll of butterflies
 A - 16 scrolls of teleportation {@r4}
 B - 2 scrolls of silence {!r}
 L - 9 scrolls of fog
 V - 8 scrolls of enchant armour
Potions
 g - 5 potions of brilliance
 h - 16 potions of mutation {!q}
 m - 13 potions of curing {@q1}
 o - 8 potions of might
 p - 4 potions of haste {@q3}
 s - 7 potions of attraction {!q}
 u - 5 potions of resistance
 w - 7 potions of ambrosia
 x - 4 potions of enlightenment
 E - 11 potions of heal wounds {@q2}
 J - 7 potions of cancellation
 N - 3 potions of berserk rage {!q}
 O - 2 potions of invisibility
Miscellaneous
 G - a lightning rod (4/4)
   (You found it on level 9 of the Dungeon)
 Q - a phial of floods
   (You found it in the Desolation of Salt)
 R - a box of beasts
   (You found it in the Desolation of Salt)
 T - a tin of tremorstones (2/2) {throwing}
   (You found it on level 2 of the Vaults)
 U - a phantom mirror
   (You found it on level 3 of the Vaults)

Dungeon Overview and Level Annotations

Branches:
Dungeon (15/15)            Temple (1/1) D:5            Lair (5/5) D:9
  Swamp (4/4) Lair:2       Spider (4/4) Lair:2        Slime (0/5) Lair:4
    Orc (2/2) D:12            Elf (3/3) Orc:2        Vaults (5/5) D:14
  Crypt (0/3) Vaults:2     Depths (4/4) D:15            Zot (5/5) Depths:4
  IceCv (visited)         Desolation (visited)

Altars:
Ashenzari
Cheibriados
Dithmenos
Elyvilon
Fedhas
Gozag
Hepliaklqana
Kikubaaqudgha
Makhleb
Nemelex Xobeh
Okawaru
Qazlal
Ru
Sif Muna
Trog
Uskayaw
Vehumet
Wu Jian
Xom
Yredelemnul
Zin
The Shining One
Jiyva

Shops:
D:1 *   Orc:1 (   Orc:2 (:([!   Elf:1 [   Vaults:3 !   Depths:2 [

Portals:
Hell: Depths:1 Depths:2 Depths:3 Depths:4
Abyss: Depths:3
Pandemonium: Depths:2
Ziggurat: Depths:3

Annotations:
D:3 2 transporters
D:7 exclusion: upstairs
D:10 exclusion: upstairs
D:15 Roxanne
Lair:4 3 runed translucent doors, Kely's ghost, journeyman OpSh
Lair:5 exclusion: obsidian statue
Spider:4 Aizul; Arachne
Orc:1 2 transporters, Hiworyng's ghost, journeyman DsEE
Elf:2 3 runed translucent doors
Zot:5 exclusion: orange crystal statue

.......# #.§§..# #.....# #..
.......# #§§§.§# #.....# #..
.......# #§§§§§# #.....# #..
.......# #§§§§.# #.....# #..
.......# #.....# #.....# ##.#
.......# #.....# #.....# #..#
.......# ###...####.....###)##
.......# #P##.##P##......)).#
.......# #P§#@#§P##.....######
.......######P§###.P##.....# #...
##.######....P.§#..P##.....# #...
##.# #......###.##......# #...
##.# #...#### #.........# #...
##.# #...# ####......# #... ##.##
#...# ##.......# #...
....#####...#######........###...
.......##...#....................


There were no monsters in sight!


Message History

The floor.
Unknown command.
Unknown command.
You feel yourself speed up.
Blink to where?
Press: ? - help, Dir - move target
As you read the scroll of blinking {!r}, it crumbles to dust.
There is a stone staircase leading up here.
You climb upwards.
Level annotation: 2 transporters
There is a stone staircase leading down here.
What level of the Dungeon? (default 1, ? - help)
You see here a +0 hand axe {axe}.
The orc priest shouts!
A neqoxec comes into view.
Unknown command.
Space momentarily warps into an impossible shape!
You hit the neqoxec but do no damage. You freeze the neqoxec. 😎 MP[-4]
You lost 4 mp, and now have 37/41 mp.
Space momentarily warps into an impossible shape!
You cut the neqoxec into ribbons!!! You burn the neqoxec.
You kill the neqoxec! 😎 MP[-4]
You lost 4 mp, and now have 33/41 mp.
What level of the Dungeon? (default 1, ? - help)
There is a transporter here.
Your extra speed is starting to run out.
The shadow imp shouts, "Scamper away, thou villainous kobold-kissing flim-flammer!"
You feel yourself slow down.
Things that are here:
a +0 dagger {short}; a +0 dagger {short}
There is a stone staircase leading up here.
You climb upwards.
There is a stone staircase leading down here.
Key pressed, stopping travel.
Unknown command. 😎 MP[+5]
You regained 5 mp, and now have 38/41 mp.
Unknown command.
Unknown command.
Unknown command.
Unknown command.
What level of the Dungeon? (default 1, ? - help)
There is a stone staircase leading up here.
You climb upwards.
There is a stone staircase leading down here. 😎 MP[+3]
Your mp is fully restored (41).
A hell hog comes into view. 2 hell hogs come into view.
The hell hog squeals angrily.
A hell hog comes into view.
Unknown command.
You feel very mighty all of a sudden.
You feel yourself speed up. The hell hog breathes fire at you.
The fireball explodes!
The fireball engulfs you. You resist. The hell hog breathes fire at you.
The fireball explodes!
The fireball engulfs you. You resist. The hell hog breathes fire at you.
The fireball explodes!
The fireball engulfs you. You resist.
Space momentarily warps into an impossible shape!
You carve the hell hog like the proverbial ham!!!
You freeze the hell hog. You slash the hell hog! You freeze the hell hog.
You slash the hell hog! You freeze the hell hog.
You closely miss the hell hog. 😕 HP[-14] MP[-4]
You take 14 damage, and now have 247/261 hp.
You lost 4 mp, and now have 37/41 mp.
Space momentarily warps into an impossible shape!
You slice the hell hog!!
You kill the hell hog!
You slice the hell hog!! You freeze the hell hog.
You carve the hell hog like the proverbial ham!!!
You freeze the hell hog. You slice the hell hog!! You freeze the hell hog.
You kill the hell hog! 😕 MP[-4]
You lost 4 mp, and now have 33/41 mp.
Space momentarily warps into an impossible shape!
You closely miss the hell hog. You slice the hell hog!!
You kill the hell hog! 😕 MP[-4]
You lost 4 mp, and now have 29/41 mp.
Space momentarily warps into an impossible shape!
You carve the hell hog like the proverbial ham!!!
You kill the hell hog! 😕 HP[+1] MP[-4]
You lost 4 mp, and now have 25/41 mp.
What level of the Dungeon? (default 1, ? - help)
Okay, then.
Unknown command.
There is an open door here.
Your extra speed is starting to run out.
There is a staircase leading out of the dungeon here. 😎 HP[+13] MP[+6]
Your hp is fully restored (261).
You regained 6 mp, and now have 31/41 mp.
Unknown command.
Unknown command.
You have escaped!

Skill      XL: |  1  2  3  4  5  6  7  8  9 10 11 12 13 14 15 16 17 18 19 20 21 22 23 24 25 |
---------------+----------------------------------------------------------------------------+-----
Hexes          | 3 4 5 6 7 8 13 | 13.4
Ice Magic      | 1 2 1 5 |  5.0
Fighting       | 1 4 6 10 11 12 14 15 18 19 22 23 | 23.0
Short Blades   | 2 4 |  4.0
Dodging        | 3 5 10 12 13 14 16 17 18 20 | 20.9
Poison Magic   | 6 |  6.2
Spellcasting   | 3 4 5 6 8 9 10 | 10.4
Long Blades    | 8 11 13 | 13.1
Evocations     | 6 |  6.2
Shields        | 3 11 12 13 14 16 18 19 22 23 | 23.0
Transmutations | 3 4 8 |  8.7
Conjurations   | 1 3 7 |  7.9
Air Magic      | 5 |  5.6
Translocations | 3 9 12 14 | 14.8
Stealth        | 6 |  6.5
Necromancy     | 6 |  6.0

Action                     |  1- 3 |  4- 6 |  7- 9 | 10-12 | 13-15 | 16-18 | 19-21 | 22-24 | 25-27 || total
---------------------------+-------+-------+-------+-------+-------+-------+-------+-------+-------++-------
  Melee: Dagger            |   107 |   141 |   119 |       |       |       |       |       |       ||   367
         Tailslap          |    11 |    19 |    22 |    28 |   142 |   164 |   106 |   196 |    73 ||   761
         Punch             |       |     1 |     2 |     4 |     6 |       |       |       |       ||    13
         Double sword      |       |       |    18 |   223 |   731 |  1002 |  1263 |  1659 |   584 ||  5480
  Throw: Stone             |     2 |     2 |       |       |       |       |       |       |       ||     4
         Dart              |       |     5 |     2 |       |       |       |       |       |       ||     7
   Cast: Ensorcelled Hiber |    15 |    15 |    16 |       |       |       |       |       |       ||    46
         Confusing Touch   |       |     6 |    12 |       |       |       |       |       |       ||    18
         Olgreb's Toxic Ra |       |       |    14 |    79 |   109 |   102 |       |       |       ||   304
         Yara's Violent Un |       |       |       |       |     2 |     1 |     4 |     4 |     1 ||    12
         Freezing Cloud    |       |       |       |       |       |    56 |    26 |    13 |       ||    95
         Irradiate         |       |       |       |       |       |     4 |    10 |     7 |       ||    21
         Manifold Assault  |       |       |       |       |       |    83 |   456 |   485 |   179 ||  1203
         Animate Dead      |       |       |       |       |       |       |     2 |     5 |       ||     7
 Invoke: Curse Item        |       |     1 |     3 |     2 |     7 |       |       |     1 |       ||    14
         Shatter the Chain |       |       |     1 |     1 |     2 |       |     1 |       |       ||     5
Ability: Breathe Fire      |       |       |    25 |    44 |    40 |    19 |     4 |       |       ||   132
  Evoke: Wand              |       |       |     1 |     8 |    21 |       |       |     1 |     1 ||    32
         Lightning rod     |       |       |       |       |     2 |       |       |     2 |       ||     4
         Tin of tremorston |       |       |       |       |       |       |     3 |     1 |       ||     4
         Phantom mirror    |       |       |       |       |       |       |     1 |       |       ||     1
    Use: Scroll            |     2 |     2 |     3 |     1 |     3 |     2 |     3 |    12 |     4 ||    32
         Potion            |       |       |     1 |     4 |     3 |     2 |     3 |     5 |    18 ||    36
   Stab: Sleeping          |    16 |     9 |    10 |     2 |    21 |    26 |    12 |     9 |       ||   105
         Confused          |       |     4 |     4 |       |       |       |       |       |       ||     8
         Invisible         |       |       |       |     1 |     4 |       |       |    13 |     8 ||    26
         Distracted        |       |       |       |       |     4 |     5 |     3 |     8 |     2 ||    22
 Armour: Skin              |    36 |    54 |    64 |   110 |   160 |   220 |   176 |   218 |    43 ||  1081
  Dodge: Dodged            |    51 |    73 |    71 |   141 |   360 |   365 |   239 |   465 |   124 ||  1889
  Block: Other             |       |    20 |    18 |    34 |    35 |       |       |       |       ||   107
         Reflection        |       |     3 |     1 |     1 |    26 |    18 |    54 |    33 |    11 ||   147
         Buckler           |       |       |       |       |    67 |       |       |       |       ||    67
         Kite shield       |       |       |       |       |   185 |   746 |   419 |   674 |   174 ||  2198

Levels and vault maps discovered:
D:1:      roadster_arrival_rocket_small, layout_basic, serial_shops,
          nicolae_shop_just_a_little_nook
D:2:      layout_basic, basic_ecumenical_altar, serial_glass, glass_columns_b,
          glass_columns_a, glass_columns_a, glass_columns_a, glass_columns_a,
          glass_columns_a, glass_columns_a, glass_columns_b, glass_columns_a,
          glass_columns_a, chequers_jeans, minmay_tromino_v4_b, uniq_terence
D:3:      gammafunk_wand_slinger, layout_rooms, lemuel_blue_sif_altar,
          grunt_dithmenos_smoke_and_mirrors, mainiacjoe_overflow_catwalk_spiral,
          jmf_multi_god_temple, uniq_robin
D:4:      layout_loops_ring, uniq_pikel, uniq_natasha
D:5:      layout_loops_corners, nicolae_overflow_crystal_walls,
          mainiacjoe_overflow_alcove_4, minmay_temple_entry_stoned_glass
D:6:      cheibrodos_steamvent, layout_loops_cross, patterned_corridor,
          uniq_grinder, uniq_sigmund, uniq_duvessa
D:7:      layout_basic, kennysheep_mini, uniq_menkaure
D:8:      layout_loops_cross, kiku_gazebo_garden_becter,
          mainiacjoe_overflow_brackets, nicolae_eternal_life, uniq_amaemon
D:9:      minmay_the_grid_four_pointed_star_mashed
          [minmay_the_grid_triangle_9x9_warning,
          minmay_the_grid_triangle_9x9_windchime,
          minmay_the_grid_triangle_9x9_descending_squares,
          minmay_the_grid_triangle_9x9_corruption,
          minmay_the_grid_prize_shrinking_boxes], layout_cave_pods,
          due_lair_maze_entry_diamond, hangedman_abyss_or_decor_stagger,
          uniq_erolcha, uniq_prince_ribbit1, uniq_jeremiah
D:10:     layout_rooms
D:11:     layout_basic, fedhas_altar_4
D:12:     layout_cave_pools, david_orc_4, portal_ice_cave_entry_pillars_1,
          wad_mini_maze
D:13:     layout_long_grid, serial_demonic, serial_demonic_e, serial_demonic_e,
          serial_demonic_c, serial_demonic_b, serial_demonic_g,
          serial_demonic_b, serial_demonic_g
D:14:     layout_basic, hellmonk_vaults_keyhole, gammafunk_ghost_split,
          nicolae_figureground_pulse
D:15:     grunt_enter_depths_giant_problem, layout_irregular_city,
          elyvilon_altar_3, serial_column_ruins, column_ruins_corridor_straight,
          column_ruins_grid_2, column_ruins_open_tiny, column_ruins_grid_1,
          column_ruins_columns_straight, column_ruins_grid_3,
          column_ruins_grid_1, uniq_louise, uniq_josephine, uniq_jorgrun,
          uniq_roxanne
Temple:   minmay_freezing_vapour_temple
Lair:1:   layout_regular_city, grunt_megastairs_3, lemuel_fruit_fields,
          uniq_grum, uniq_gastronok
Lair:2:   layout_roguey, alex1729_swamp_entry_worm_eleionoma,
          nicolae_spider_entry_tight_spaces, uniq_maggie
Lair:3:   layout_cave_pods, grunt_forest_large_clearings, serial_bayou_shore_a
Lair:4:   nzn_winding_woodlands_three_and_one
          [nzn_winding_woodlands_5x15_river_crossing,
          nzn_winding_woodlands_5x15_parted, nzn_winding_woodlands_5x15_pockets,
          nzn_winding_woodlands_center_lodge], layout_layer_cave, slime_entry_1,
          gammafunk_ghost_necromancy, uniq_sonja
Lair:5:   due_jungle_book, layout_cellular_growth,
          nicolae_quartered_pool_impasse, uniq_snorg
Swamp:1:  layout_basic_swamp, nicolae_swamp_small_spring,
          nicolae_swamp_thats_no_hydra, uniq_mlioglotl
Swamp:2:  layout_basic_swamp, evilmike_swamp_ruin_house_5, swamp_pool1
Swamp:3:  layout_falls_marsh, nicolae_swamp_feature_on_the_river_bank
Swamp:4:  grunt_swamp_rune_castle, layout_basic_swamp, uniq_mara
Spider:1: nicolae_spider_mines_2
Spider:2: layout_spider_delve
Spider:3: layout_cave_pods
Spider:4: grunt_spider_rune_circles, uniq_arachne, uniq_aizul, uniq_bai_suzhen
Orc:1:    layout_diamond_mine, gammafunk_ghost_stat_death,
          nicolae_shop_firing_range
Orc:2:    st_orc_elflike, layout_caves, serial_shops, shop
Elf:1:    layout_rooms, serial_shops, shop, evilmike_minifort,
          grunt_ministairs_13, roderic_lattice_octagonal_star
Elf:2:    nicolae_elf_blades_splatter_lattice [nooodl_blade_entry_preview],
          layout_geoelf_octagon
Elf:3:    minmay_elf_hall_not_hex, layout_rooms
Vaults:1: nicolae_vaults_shrinking_rooms_1, v_rooms_2,
          vaults_standard_mumra_enter_the_diamond, ontoclasm_vaults_gallery,
          dpeg_vaults_monster_box, ontoclasm_vaults_idyll,
          nicolae_vaults_two_Ls, v_misc_14, nicolae_vaults_yaktaur_gun_rack,
          layout_vaults_chaotic_city
Vaults:2: portal_desolation_entry_twin_temple, minmay_crypt_entry_simple_box,
          hangedman_vaults_cutoff, grunt_vaults_funnel,
          dpeg_vaults_hating_casters, vaults_room_stairs_pillars,
          vaults_room_ringed_pool, v_misc_26, v_misc_5, serial_ice_h, v_misc_1,
          nicolae_vaults_diamond_1, vaults_dpeg_emergency_exit,
          layout_vaults_quadrants, uniq_nikola, uniq_jory
Vaults:3: nicolae_vaults_murderbox, hangedman_vaults_hat, v_misc_1,
          ontoclasm_vaults_misaligned, nicolae_vaults_cornered_office,
          dpeg_vaults_monster_row, nicolae_vaults_ellipses_ellipsis,
          nicolae_vaults_mini_display_case, nicolae_vaults_storage_room_statues,
          ontoclasm_vaults_idyll, nicolae_vaults_specimen_jars, v_misc_8,
          vaults_room_large_hall, vaults_dpeg_encased_lava,
          ontoclasm_vaults_twist, layout_vaults_maze_snakey, serial_shops,
          nicolae_shop_industrial_runoff
Vaults:4: ploomutoo_gammafunk_ghost_potion_laboratory, v_alt_pattern_1,
          nicolae_vaults_closet_pinwheel_3, nicolae_vaults_tetromino_L_1,
          nicolae_vaults_closet_pinwheel_3, vaults_mumra_lcd,
          nicolae_vaults_six-pack, v_misc_25, vaults_room_corners,
          grunt_vaults_bifocal, nicolae_vaults_offset_grid_hallway_1,
          nicolae_vaults_oval_intersection, nicolae_vaults_three_branches,
          nicolae_vaults_shipping_containers_4, layout_vaults_ring,
          uniq_saint_roka
Vaults:5: serial_shops
Depths:1: layout_basic, nrook_campfire, grunt_hell_horde,
          makhleb_altar_promises_db, serial_bayou_shore_b
Depths:2: minmay_dotted_concentric_squares, layout_gridlike, serial_shops,
          nicolae_shop_peninsula, pf_hell_entry_tar_spiral,
          rand_demon_pan_entry_8, nicolae_wu_jian_immortal_techniques,
          uniq_asterion
Depths:3: cell_vault, layout_long_grid, enter_ziggurat_f,
          pf_hell_entry_great_geh, nicolae_twisty_statue_hallways,
          minmay_room_of_horrors, minmay_fire_ice_demons,
          infiniplex_staircase_zigzag_5
Depths:4: grunt_profane_halls [grunt_profane_temple_geh,
          grunt_profane_temple_tar, grunt_profane_temple_dis,
          grunt_profane_temple_coc, grunt_zot_portal], hell_entry
Zot:1:    kennysheep_room_grid, layout_cellular_growth, grunt_megastairs_2,
          uniq_josephina
Zot:2:    hellmonk_crystal_mountain, layout_gridlike, basic_altar,
          grunt_megastairs_5, uniq_grunn
Zot:3:    hangedman_zot_vaults_quadrants, layout_onion_interference
Zot:4:    lemuel_acid_trip, layout_cathedral_of_symmetry,
          kennysheep_underground_church
Zot:5:    layout_gridlike, grunt_ministairs_13

Notes
Turn   | Place    | Note
-------+----------+-------------------------------------------
     0 | D:1      | MackTheKnife the Draconian Enchanter began the quest for
                  | the Orb.
     0 | D:1      | Reached XP level 1. HP: 14/14 MP: 3/3
     0 | D:1      | magus.rc [v1.9.6]
   231 | D:1      | Found Veuloap's General Store.
   311 | D:1      | Reached skill level 3 in Hexes
   311 | D:1      | Reached XP level 2. HP: 20/20 MP: 5/5
   314 | D:1      | Learned a level 2 spell: Ensorcelled Hibernation
   763 | D:1      | Reached skill level 1 in Ice Magic
   902 | D:1      | Bought a scroll of identify for 26 gold pieces
   919 | D:1      | Reached XP level 3. HP: 24/26 MP: 6/6
  1020 | D:2      | Learned a level 3 spell: Confusing Touch
  1435 | D:2      | Found a faded altar of an unknown god.
  1969 | D:2      | Reached skill level 2 in Ice Magic
  2027 | D:2      | Noticed Terence
  2051 | D:2      | Reached XP level 4. HP: 31/33 MP: 7/7
  2370 | D:1      | Bought 3 curare-tipped darts for 46 gold pieces
  2428 | D:2      | Killed Terence
  2429 | D:2      | Reached skill level 4 in Hexes
  2497 | D:3      | Found a shadowy altar of Dithmenos.
  2498 | D:3      | Noticed Robin
  2650 | D:3      | Identified the amulet of the Furies {Reflect Str+2 Slay+3
                  | SH+5}
  2855 | D:3      | Noticed a phantom
  2866 | D:3      | Found a transporter.
  2931 | D:3      | Found a transporter.
  3011 | D:1      | Bought a scroll of identify for 26 gold pieces
  3120 | D:3      | Found a sacrificial altar of Ru.
  3193 | D:3      | Killed Robin
  3194 | D:3      | Reached XP level 5. HP: 38/38 MP: 5/8
  3245 | D:3      | Found a broken altar of Ashenzari.
  3284 | D:3      | Killed a phantom
  3285 | D:3      | Reached skill level 5 in Hexes
  3308 | D:3      | Became a worshipper of Ashenzari the Shackled
  3573 | D:3      | Found a shimmering blue altar of Sif Muna.
  3670 | D:3      | Found a bloodstained altar of Trog.
  3670 | D:3      | Found a white marble altar of Elyvilon.
  3887 | D:1      | Bought a potion of might for 52 gold pieces
  3938 | D:4      | Noticed a lemure
  3938 | D:4      | Noticed a lemure
  3938 | D:4      | Noticed a lemure
  3939 | D:4      | Noticed Pikel
  3971 | D:3      | You add the spells Sting, Poisonous Vapours and Olgreb's
                  | Toxic Radiance to your library.
  4006 | D:4      | Noticed an ogre
  4021 | D:4      | Killed an ogre
  4022 | D:4      | Reached skill level 1 in Fighting
  4022 | D:4      | Reached skill level 2 in Short Blades
  4022 | D:4      | Reached XP level 6. HP: 44/48 MP: 5/9
  4379 | D:4      | You pick up a book of Burglary and begin reading...
  4379 | D:4      | You add the spells Passwall and Swiftness to your library.
  4386 | D:4      | Reached skill level 2 in Fighting
  4722 | D:4      | Killed Pikel
  4723 | D:4      | Reached skill level 4 in Fighting
  4723 | D:4      | Reached skill level 4 in Short Blades
  4723 | D:4      | Reached skill level 3 in Dodging
  4723 | D:4      | Your scales start taking on a fiery red colour.
  4723 | D:4      | Reduced skill Ice Magic to level 1
  4723 | D:4      | Reached XP level 7. HP: 52/59 MP: 1/10
  4723 | D:4      | Gained mutation: Your flesh is heat resistant. (rF+) [Red
                  | Draconian growth]
  5239 | D:4      | Noticed Natasha
  5242 | D:4      | Killed Natasha
  5243 | D:4      | Reached skill level 4 in Dodging
  5396 | D:5      | Entered Level 5 of the Dungeon
  5397 | D:5      | Found a staircase to the Ecumenical Temple.
  5425 | Temple   | Entered the Ecumenical Temple
  5559 | D:5      | Found a snail-covered altar of Cheibriados.
  5672 | D:5      | Reached * piety under Ashenzari
  5746 | D:5      | Reached skill level 5 in Dodging
  5746 | D:5      | Reached XP level 8. HP: 56/66 MP: 7/11
  5779 | D:5      | Reached skill level 2 in Poison Magic
  6288 | D:5      | Found an ornate altar of the Wu Jian Council.
  6433 | D:6      | Reached skill level 3 in Poison Magic
  6449 | D:5      | Reached ** piety under Ashenzari
  6574 | D:6      | Noticed Duvessa
  6628 | D:6      | Reached skill level 4 in Poison Magic
  6681 | D:6      | Reached skill level 5 in Poison Magic
  6780 | D:6      | Noticed Sigmund
  6790 | D:6      | Killed Sigmund
  6791 | D:6      | Reached skill level 6 in Poison Magic
  6797 | D:6      | Learned a level 4 spell: Olgreb's Toxic Radiance
  7105 | D:6      | Noticed Grinder
  7260 | D:6      | Noticed Dowan
  7329 | D:6      | Reached skill level 3 in Spellcasting
  7458 | D:6      | Reached *** piety under Ashenzari
  7806 | D:7      | Found the +2 Maxwell's thermic engine {flame, freeze, rev}
  7828 | D:7      | Reached XP level 9. HP: 71/71 MP: 10/13
  7834 | D:7      | Noticed Menkaure
  8045 | D:7      | Killed Menkaure
  8046 | D:7      | Reached skill level 4 in Spellcasting
  8046 | D:7      | Reached skill level 1 in Long Blades
  8070 | D:7      | Reached skill level 2 in Long Blades
  8124 | D:7      | Upgraded the game from 0.31-a0-925-g0a390f2509 to
                  | 0.31-a0-931-g7b59d4eb97
  8124 | D:7      | magus.rc [v1.9.6]
  8124 | D:7      | magus.rc [v1.9.6]
  8124 | D:7      | magus.rc [v1.9.6]
  8205 | D:7      | Reached skill level 3 in Long Blades
  8237 | D:7      | Identified the +7 rapier of Bodily Harmony {venom, rElec
                  | rC++ Stlth-}
  8369 | D:7      | Reached skill level 4 in Long Blades
  8476 | D:7      | Found a basalt altar of Yredelemnul.
  8651 | D:8      | Reached skill level 5 in Long Blades
  8871 | D:8      | Reached skill level 6 in Long Blades
  9175 | D:8      | You add the spells Passage of Golubria and Yara's Violent
                  | Unravelling to your library.
  9245 | D:8      | Found an ancient bone altar of Kikubaaqudgha.
  9263 | D:8      | Noticed Amaemon
  9263 | D:8      | Noticed an orange demon
  9270 | D:8      | Killed an orange demon
  9271 | D:8      | Reached skill level 7 in Long Blades
  9274 | D:8      | Killed Amaemon
  9275 | D:8      | Reached skill level 8 in Long Blades
  9275 | D:8      | Reached XP level 10. HP: 41/78 MP: 4/16
  9436 | D:8      | Found an iron altar of Okawaru.
  9748 | D:9      | Reached skill level 9 in Long Blades
 10050 | D:9      | Noticed a cyclops
 10054 | D:9      | Noticed a green ugly thing
 10061 | D:9      | Noticed a brown ugly thing
 10114 | D:9      | Noticed Prince Ribbit
 10121 | D:9      | Killed Prince Ribbit
 10122 | D:9      | Reached skill level 10 in Long Blades
 10219 | D:9      | Noticed a death knight
 10294 | D:8      | Reached skill level 5 in Fighting
 10556 | D:9      | Found a staircase to the Lair.
 10585 | D:9      | Reached skill level 6 in Fighting
 10599 | D:9      | Noticed Jeremiah
 10622 | D:9      | Reached skill level 11 in Long Blades
 10622 | D:9      | Killed Jeremiah
 10656 | D:15     | Identified the of Kukipaf
 10656 | Lair:1   | Entered Level 1 of the Lair of Beasts
 10671 | Lair:1   | Noticed a cane toad
 10737 | D:10     | Entered Level 10 of the Dungeon
 10805 | D:10     | Noticed a gargoyle
 10850 | D:10     | Reached XP level 11. HP: 94/94 MP: 11/19
 10852 | D:10     | Noticed a two-headed ogre
 10950 | D:10     | Killed a two-headed ogre
 11015 | D:10     | Reached skill level 7 in Fighting
 11410 | D:9      | Noticed Erolcha
 11614 | Lair:1   | Reached skill level 8 in Fighting
 11814 | Lair:1   | Reached skill level 12 in Long Blades
 11952 | Lair:1   | Reached skill level 9 in Fighting
 12063 | Lair:1   | Noticed Gastronok
 12089 | Lair:1   | Killed Gastronok
 12358 | Lair:1   | Reached skill level 10 in Fighting
 12358 | Lair:1   | Reached skill level 13 in Long Blades
 12610 | Lair:1   | Noticed Grum
 12620 | Lair:1   | Killed Grum
 12621 | Lair:1   | Reached XP level 12. HP: 87/111 MP: 12/20
 12824 | Lair:2   | Found a staircase to the Swamp.
 12824 | Lair:2   | Noticed an eleionoma
 12861 | Lair:2   | Killed an eleionoma
 12865 | Lair:2   | HP: 23/112 [poisoned by a redback]
 13086 | Lair:2   | Identified the ring "Aluodes" {rCorr Int+6 Dex+3 Slay+3}
 13086 | Lair:2   | Noticed Maggie
 13097 | Lair:2   | Killed Maggie
 13225 | Lair:2   | Identified the +5 hand axe of Geyguy {drain, rElec rC+
                  | Will+ Str+4 Int-2}
 13374 | Lair:2   | Reached skill level 6 in Dodging
 13378 | Lair:2   | Reached skill level 11 in Fighting
 13489 | Lair:2   | Noticed a catoblepas
 13498 | Lair:2   | Killed a catoblepas
 13590 | Lair:2   | Noticed a boulder beetle
 13594 | Lair:2   | Reached skill level 7 in Dodging
 13601 | Lair:2   | Killed a boulder beetle
 13674 | Lair:2   | Noticed an eight-headed hydra
 13825 | Lair:2   | HP: 27/113 [poisoned by a redback]
 14148 | Lair:2   | Found a hole to the Spider Nest.
 14167 | Lair:2   | Reached skill level 8 in Dodging
 14336 | Lair:3   | Noticed a catoblepas
 14355 | Lair:3   | Killed a catoblepas
 14586 | Lair:3   | Reached skill level 9 in Dodging
 15052 | Lair:3   | Reached skill level 10 in Dodging
 15360 | Lair:3   | Reached XP level 13. HP: 95/119 MP: 21/21
 15822 | Lair:4   | Reached skill level 1 in Evocations
 15830 | Lair:4   | Reached skill level 2 in Evocations
 15983 | Lair:4   | Found a viscous altar of Jiyva.
 15985 | Lair:4   | Found a staircase to the Slime Pits.
 15991 | Lair:4   | Noticed Sonja
 15995 | Lair:4   | Killed Sonja
 15996 | Lair:4   | Reached skill level 3 in Evocations
 16300 | Lair:4   | Reached skill level 4 in Evocations
 16329 | Lair:4   | Reached skill level 5 in Evocations
 16907 | Lair:4   | Reached skill level 6 in Evocations
 17075 | Lair:4   | Found a runed translucent gate.
 17108 | Lair:4   | Found a runed translucent gate.
 17108 | Lair:4   | Found a runed translucent gate.
 17113 | Lair:4   | Noticed Kely's ghost (journeyman OpSh)
 17115 | Lair:4   | Reached **** piety under Ashenzari
 17513 | Lair:4   | Reached skill level 11 in Dodging
 17689 | Lair:5   | Entered Level 5 of the Lair of Beasts
 17794 | Lair:5   | Noticed Snorg
 17813 | Lair:5   | Killed Snorg
 18119 | Lair:5   | Reached skill level 12 in Fighting
 18624 | Lair:5   | Noticed a dire elephant
 18686 | Lair:5   | Noticed a dire elephant
 18686 | Lair:5   | Noticed a dire elephant
 18788 | Lair:5   | Reached skill level 12 in Dodging
 18791 | Lair:5   | Reached XP level 14. HP: 93/131 MP: 15/22
 18963 | Lair:5   | Reached skill level 13 in Fighting
 19036 | Lair:5   | Identified the ring "Jacurump" {rN+ Str+2 Dex+4}
 19412 | D:11     | You pick up a book of Iron and begin reading...
 19412 | D:11     | You add the spells Summon Lightning Spire and Lee's Rapid
                  | Deconstruction to your library.
 19633 | D:11     | Found a blossoming altar of Fedhas.
 19785 | D:11     | Reached ***** piety under Ashenzari
 20068 | D:12     | Found a frozen archway.
 20092 | IceCv    | Entered an ice cave
 20236 | IceCv    | Learned a level 5 spell: Yara's Violent Unravelling
 20528 | IceCv    | Identified a +1 crystal plate armour of cold resistance
 20931 | IceCv    | g - a +1 crystal plate armour of cold resistance {rare=g}
 20932 | IceCv    | You drop a +1 crystal plate armour of cold resistance
                  | {rare=g}.
 21229 | D:12     | Identified the +5 arbalest of the Tundras {penet, rF-
                  | Int+8}
 21388 | D:12     | You pick up a book of Sloth and begin reading...
 21388 | D:12     | You add the spells Frozen Ramparts, Petrify and Metabolic
                  | Englaciation to your library.
 21543 | D:12     | Reached skill level 14 in Fighting
 21614 | D:12     | Reached skill level 13 in Dodging
 21818 | D:12     | Found a staircase to the Orcish Mines.
 21879 | Orc:1    | Entered Level 1 of the Orcish Mines
 21888 | Orc:1    | Found a transporter.
 22424 | Orc:1    | Noticed Hiworyng's ghost (journeyman DsEE)
 22431 | Orc:1    | Found Gyrghiekk's Firing Range.
 22475 | Orc:1    | Found a transporter.
 22479 | Orc:1    | Identified the ring of Valown {Str+3 Int+6}
 22848 | Orc:2    | Entered Level 2 of the Orcish Mines
 22876 | Orc:2    | Noticed an orc warlord
 22894 | Orc:1    | Killed an orc warlord
 22895 | Orc:1    | Reached skill level 1 in Shields
 22895 | Orc:1    | Reached skill level 1 in Transmutations
 23130 | Orc:2    | Found Amienoamm's Weapon Shoppe.
 23297 | Orc:2    | Found a staircase to the Elven Halls.
 23380 | Orc:2    | Noticed an orc warlord
 23421 | Orc:2    | Killed an orc warlord
 23422 | Orc:2    | Reached skill level 2 in Shields
 23422 | Orc:2    | Reached skill level 2 in Transmutations
 23795 | Orc:2    | Reached skill level 6 in Hexes
 23800 | Orc:2    | Reached skill level 3 in Shields
 23800 | Orc:2    | Reached skill level 5 in Spellcasting
 23800 | Orc:2    | Reached skill level 3 in Transmutations
 24188 | Orc:2    | Found Dear's Distillery.
 24188 | Orc:2    | Found Gilomp's Armour Emporium.
 24189 | Orc:2    | Found Jeiros's Weapon Shop.
 24189 | Orc:2    | Found Mussipsa's Book Shop.
 24210 | Orc:2    | Bought a potion of heal wounds for 75 gold pieces
 24210 | Orc:2    | Bought a potion of heal wounds for 75 gold pieces
 24210 | Orc:2    | Bought a potion of curing for 45 gold pieces
 24210 | Orc:2    | Bought a potion of curing for 45 gold pieces
 24210 | Orc:2    | Bought a potion of mutation for 120 gold pieces
 24652 | D:9      | Killed Erolcha
 24654 | D:9      | You pick up a book of Alchemy and begin reading...
 24654 | D:9      | You add the spells Sublimation of Blood and Irradiate to
                  | your library.
 24742 | D:9      | You pick up a book of Burglary and begin reading...
 25356 | D:13     | Reached skill level 1 in Conjurations
 25406 | D:13     | Reached XP level 15. HP: 130/147 MP: 25/27
 25742 | D:13     | Reached skill level 4 in Shields
 25922 | D:13     | You add the spells Cigotuvi's Dreadful Rot, Ignite Poison
                  | and Freezing Cloud to your library.
 26260 | D:13     | magus.rc [v1.9.6]
 26314 | D:14     | Noticed DEFE's ghost (adept DsFi)
 26315 | D:14     | Found a runed translucent gate.
 26316 | D:14     | Found a runed translucent gate.
 26316 | D:14     | Found a runed translucent gate.
 26406 | D:14     | Reached skill level 5 in Shields
 26761 | D:14     | Reached skill level 6 in Shields
 27019 | D:14     | Reached skill level 7 in Shields
 27076 | D:14     | Found a gate to the Vaults.
 27226 | D:14     | Killed DEFE's ghost
 27235 | D:14     | Reached skill level 8 in Shields
 27383 | D:15     | Entered Level 15 of the Dungeon
 27532 | D:15     | Reached skill level 9 in Shields
 27572 | D:15     | Noticed Roxanne
 27657 | D:15     | Noticed Jorgrun
 27713 | D:15     | Found a staircase to the Depths.
 27713 | D:15     | Noticed a fire giant
 27771 | D:15     | Noticed Louise
 27788 | D:15     | Killed Louise
 27861 | D:15     | You pick up a book of the Hunter and begin reading...
 27861 | D:15     | You add the spells Sigil of Binding, Call Canine Familiar,
                  | Dimensional Bullseye and Leda's Liquefaction to your
                  | library.
 27984 | D:15     | Noticed Josephine
 28000 | D:15     | Killed Josephine
 28001 | D:15     | Reached skill level 10 in Shields
 28068 | D:15     | Killed a fire giant
 28082 | D:15     | Killed Jorgrun
 28233 | D:15     | Found a white marble altar of Elyvilon.
 28255 | D:15     | Reached skill level 11 in Shields
 28304 | D:15     | You pick up a book of Annihilations and begin reading...
 28304 | D:15     | You add the spells Chain Lightning, Fire Storm and Shatter
                  | to your library.
 28759 | Spider:1 | Identified the of Tocaec
 28759 | Spider:1 | Entered Level 1 of the Spider Nest
 28765 | Spider:1 | Reached ****** piety under Ashenzari
 28775 | Spider:1 | Reached skill level 4 in Transmutations
 28839 | Spider:1 | Reached skill level 2 in Conjurations
 29311 | Spider:1 | Reached skill level 6 in Spellcasting
 29404 | Spider:1 | You pick up a book of Party Tricks and begin reading...
 29404 | Spider:1 | You add the spells Apportation, Jinxbite and Alistair's
                  | Intoxication to your library.
 29418 | Spider:1 | Reached skill level 3 in Conjurations
 29418 | Spider:1 | Reached XP level 16. HP: 157/157 MP: 29/29
 29622 | Spider:1 | Reached skill level 5 in Transmutations
 29684 | Spider:1 | You add the spells Arcjolt and Borgnjor's Vile Clutch to
                  | your library.
 30047 | Spider:2 | Learned a level 5 spell: Irradiate
 30053 | Spider:2 | Learned a level 5 spell: Freezing Cloud
 30120 | Spider:2 | Reached skill level 4 in Conjurations
 30290 | Spider:2 | Reached skill level 6 in Transmutations
 30352 | Spider:2 | Reached skill level 7 in Spellcasting
 30503 | Spider:2 | Reached skill level 5 in Conjurations
 31108 | Spider:2 | magus.rc [v1.9.6]
 31360 | Spider:3 | Reached skill level 7 in Transmutations
 31450 | Spider:3 | Reached skill level 6 in Conjurations
 31639 | Spider:3 | Reached skill level 8 in Spellcasting
 31704 | Spider:3 | Reached skill level 7 in Hexes
 32210 | Spider:3 | Identified the +0 leather armour "Fuopaeb" {rPois}
 32580 | Spider:4 | Entered Level 4 of the Spider Nest
 32669 | Spider:4 | You pick up a book of Callings and begin reading...
 32669 | Spider:4 | You add the spells Summon Small Mammal and Summon Guardian
                  | Golem to your library.
 32685 | Spider:4 | Reached skill level 7 in Conjurations
 32737 | Spider:4 | Reached skill level 8 in Transmutations
 33031 | Spider:4 | Reached XP level 17. HP: 163/163 MP: 28/33
 33529 | Spider:4 | Reached skill level 9 in Spellcasting
 33533 | Spider:4 | Reached skill level 8 in Hexes
 33899 | Spider:4 | Reached skill level 2 in Ice Magic
 33899 | Spider:4 | Reached skill level 1 in Air Magic
 34051 | Spider:4 | Reached skill level 2 in Air Magic
 34072 | Spider:4 | Got a gossamer rune of Zot
 34300 | Spider:4 | You pick up a book of Debilitation and begin reading...
 34300 | Spider:4 | You add the spells Slow and Vampiric Draining to your
                  | library.
 34364 | Spider:4 | Noticed Bai Suzhen
 34381 | Spider:4 | Killed Bai Suzhen
 34382 | Spider:4 | Reached skill level 3 in Ice Magic
 34382 | Spider:4 | Reached skill level 3 in Air Magic
 34487 | Spider:4 | Noticed Aizul
 34489 | Spider:4 | Noticed Arachne
 34769 | Swamp:1  | Entered Level 1 of the Swamp
 34991 | Swamp:1  | Noticed a kraken
 34999 | Swamp:1  | Killed a kraken
 35000 | Swamp:1  | Reached skill level 4 in Air Magic
 35053 | Swamp:1  | Reached skill level 4 in Ice Magic
 35106 | Swamp:1  | You pick up a book of the Senses and begin reading...
 35106 | Swamp:1  | You add the spells Agony and Silence to your library.
 35209 | Swamp:1  | Noticed Mlioglotl
 35233 | Swamp:1  | Killed Mlioglotl
 35237 | Swamp:1  | Reached skill level 5 in Air Magic
 35681 | Swamp:2  | Reached skill level 5 in Ice Magic
 35943 | Swamp:2  | You add the spells Blink and Manifold Assault to your
                  | library.
 36174 | Swamp:2  | Noticed a tentacled monstrosity
 36188 | Swamp:2  | Killed a tentacled monstrosity
 36525 | Swamp:3  | Reached skill level 12 in Shields
 37058 | Swamp:2  | HP: 39/163 [poison (poison gas)]
 37063 | Swamp:2  | HP: 34/163 [poison (poison gas)]
 37605 | Swamp:3  | Found a shadowy altar of Dithmenos.
 37954 | Swamp:3  | Learned a level 4 spell: Manifold Assault
 38192 | Swamp:4  | Entered Level 4 of the Swamp
 38197 | Swamp:4  | Reached skill level 1 in Translocations
 38304 | Lair:2   | Reached skill level 2 in Translocations
 38493 | Vaults:1 | Entered Level 1 of the Vaults
 38674 | Vaults:1 | Reached skill level 3 in Translocations
 38674 | Vaults:1 | Reached XP level 18. HP: 163/171 MP: 34/34
 38784 | Vaults:1 | Reached skill level 4 in Translocations
 38910 | Vaults:1 | Reached skill level 5 in Translocations
 39121 | Vaults:1 | Reached skill level 6 in Translocations
 39269 | Vaults:1 | Reached skill level 7 in Translocations
 39676 | Vaults:1 | Reached skill level 8 in Translocations
 39922 | Vaults:1 | Reached skill level 9 in Translocations
 40505 | Desolati | Identified the of Vyabe
 40505 | Desolati | Identified the of Doxicyrph
 40569 | Vaults:2 | Noticed Jory
 40581 | Vaults:2 | Killed Jory
 40674 | Vaults:2 | Found a crumbling gateway.
 40679 | Vaults:2 | Reached skill level 10 in Spellcasting
 40718 | Desolati | Entered the Desolation of Salt
 40723 | Desolati | Reached skill level 3 in Stealth
 40821 | Desolati | Reached skill level 4 in Stealth
 40964 | Desolati | Reached skill level 5 in Stealth
 40966 | Desolati | Identified the +6 lajatang of Terra Cotta {spect, Dex+2}
 41034 | Desolati | Identified the +8 demon blade of Okawaru's Grace {venom,
                  | Drain rC+ rN+ SInv}
 41036 | Desolati | Identified the +8 lajatang of Nemelex Xobeh's Favour
                  | {flame, rF+ Will+ Int-2}
 41037 | Desolati | Identified the +3 whip "Wekuit" {venom, *Corrode +Blink
                  | Int-3 Dex+6}
 41178 | Desolati | Reached skill level 6 in Stealth
 41372 | Desolati | Identified the ring "Loocucwi" {rPois rN+ rCorr Str+2
                  | Int-4}
 41381 | Desolati | You add the spells Inner Flame, Flame Wave and Ignition to
                  | your library.
 41836 | Desolati | Identified the ring "Myvaeg" {AC+4 SInv Stlth+}
 41869 | Desolati | Identified the +7 halberd of Qazlal, Burning {speed, *Rage
                  | Drain Str+9 Dex+3}
 42281 | Vaults:2 | Reached skill level 13 in Shields
 42284 | Vaults:2 | Reached XP level 19. HP: 178/178 MP: 25/37
 42488 | Vaults:2 | Noticed Nikola
 42499 | Vaults:2 | Killed Nikola
 43710 | Vaults:2 | Found a staircase to the Crypt.
 43896 | Vaults:3 | Reached skill level 14 in Dodging
 44040 | Vaults:3 | Reached skill level 14 in Shields
 44421 | Vaults:3 | Paralysed by a great orb of eyes for 3 turns
 44535 | Vaults:3 | Found Uhampa's Distillery.
 44659 | Vaults:3 | Bought a potion of cancellation for 136 gold pieces
 44659 | Vaults:3 | Bought a potion of heal wounds for 85 gold pieces
 44659 | Vaults:3 | Bought a potion of magic for 136 gold pieces
 44659 | Vaults:3 | Bought a potion of ambrosia for 136 gold pieces
 44659 | Vaults:3 | Bought a potion of haste for 170 gold pieces
 44659 | Vaults:3 | Bought a potion of brilliance for 68 gold pieces
 45577 | Vaults:3 | magus.rc [v1.9.6]
 45582 | Vaults:4 | magus.rc [v1.9.6]
 46170 | Vaults:4 | Reached skill level 15 in Fighting
 46452 | Vaults:4 | Found a runed translucent gate.
 46452 | Vaults:4 | Found a runed translucent gate.
 46455 | Vaults:4 | Found a runed translucent gate.
 46522 | Vaults:4 | Reached XP level 20. HP: 191/191 MP: 16/38
 46527 | Vaults:4 | You pick up a book of Decay and begin reading...
 46527 | Vaults:4 | You add the spells Dispel Undead and Death Channel to your
                  | library.
 46800 | Vaults:4 | Reached skill level 16 in Fighting
 47756 | Vaults:4 | Reached skill level 17 in Fighting
 48048 | Vaults:4 | Found a runed translucent gate.
 48048 | Vaults:4 | Found a runed translucent gate.
 48048 | Vaults:4 | Noticed Plog's ghost (adept AtMo)
 48051 | Vaults:4 | Found a runed translucent gate.
 48053 | Vaults:4 | Identified the +0 cloak of Wiezois {Harm rElec Will- MP+9}
 48152 | Vaults:4 | Noticed Saint Roka
 48158 | Vaults:4 | Killed Saint Roka
 48456 | Vaults:4 | Killed Plog's ghost
 48457 | Vaults:4 | Reached skill level 18 in Fighting
 48896 | Vaults:4 | Gained mutation: You are partially covered in large bone
                  | plates. (SH +4) [potion of mutation]
 48896 | Vaults:4 | Gained mutation: You do not regenerate when monsters are
                  | visible. [potion of mutation]
 48896 | Vaults:4 | Gained mutation: You have a pair of small antennae on your
                  | head. [potion of mutation]
 48897 | Vaults:4 | Lost mutation: You are partially covered in large bone
                  | plates. (SH +4) [potion of mutation]
 48897 | Vaults:4 | Lost mutation: You have a pair of small antennae on your
                  | head. [potion of mutation]
 48897 | Vaults:4 | Lost mutation: You do not regenerate when monsters are
                  | visible. [potion of mutation]
 48897 | Vaults:4 | Gained mutation: Your spells are a little easier to cast,
                  | but a little less powerful. [potion of mutation]
 48898 | Vaults:4 | Lost mutation: Your spells are a little easier to cast, but
                  | a little less powerful. [potion of mutation]
 48898 | Vaults:4 | Gained mutation: Your spells are a little harder to cast,
                  | but a little more powerful. [potion of mutation]
 48898 | Vaults:4 | Gained mutation: Your tail ends in a venomous barb. [potion
                  | of mutation]
 48898 | Vaults:4 | Gained mutation: You possess an exceptional clarity of
                  | mind. [potion of mutation]
 48898 | Vaults:4 | Gained mutation: Your mind is acute. (Int +4, Str/Dex -1)
                  | [potion of mutation]
 49390 | Swamp:4  | Reached skill level 15 in Shields
 49542 | Swamp:4  | Reached skill level 15 in Dodging
 50323 | Swamp:4  | Noticed the 27-headed Lernaean hydra
 50334 | Swamp:4  | Killed the 26-headed Lernaean hydra
 50344 | Swamp:4  | Got a decaying rune of Zot
 50563 | Swamp:4  | Noticed Mara
 50571 | Swamp:4  | Noticed MackTheKnife's illusion
 50571 | Swamp:4  | Killed Mara
 50830 | Swamp:4  | You pick up a book of Death and begin reading...
 50830 | Swamp:4  | You add the spells Animate Dead, Haunt and Infestation to
                  | your library.
 51683 | Vaults:5 | Identified the "Rytead"
 51683 | Vaults:5 | Identified the "Fauwoig"
 51683 | Crypt:2  | Identified the "Oseptoe"
 51683 | Crypt:3  | Identified the "Upsiqoj"
 51683 | Depths:4 | Identified the "Larher"
 51683 | Elf:1    | Entered Level 1 of the Elven Halls
 51700 | Elf:1    | Upgraded the game from 0.31-a0-931-g7b59d4eb97 to
                  | 0.31-a0-940-gdaa99269f9
 51700 | Elf:1    | magus.rc [v1.9.6]
 52039 | Elf:1    | Reached skill level 16 in Shields
 52370 | Elf:1    | Found Wecuts's Antique Armour Boutique.
 52659 | Elf:2    | Reached skill level 16 in Dodging
 52785 | Elf:2    | You pick up a book of Flames and begin reading...
 52834 | Elf:2    | Reached XP level 21. HP: 204/204 MP: 39/39
 52886 | Elf:2    | Paralysed by an air elemental for 1 turns
 52939 | Elf:2    | You pick up a book of Misfortune and begin reading...
 53342 | Elf:2    | Found a runed translucent gate.
 53342 | Elf:2    | Found a runed translucent gate.
 53342 | Elf:2    | Found a runed translucent gate.
 54038 | Elf:3    | Identified the of Lituinef
 54038 | Elf:3    | Entered Level 3 of the Elven Halls
 54768 | Elf:3    | Reached skill level 17 in Shields
 55478 | Elf:3    | Identified the ring "Gieb" {MP+9 Int+2 Dex+4}
 55485 | Elf:3    | a deep elf high priest comes into view. It is wielding a
                  | staff of cold and wearing the +15 Maxwell's patent armour
                  | {-Cast -Tele rElec Will+ rCorr}.
 55495 | Elf:3    | Reached skill level 17 in Dodging
 55844 | Elf:3    | Identified the +3 scale mail "Imy Dur" {rElec}
 55845 | Elf:3    | Identified the +0 plate armour of Kays {rN+ Int+3}
 55860 | Elf:3    | You pick up a book of Weapons and begin reading...
 55906 | Elf:3    | Identified the staff of Purpose {rF+ rC+ Ice}
 55960 | Elf:3    | Found the +3 robe of Clouds {*Thunder rCloud rElec}
 55996 | Elf:3    | Learned a level 4 spell: Animate Dead
 56258 | Depths:1 | Entered Level 1 of the Depths
 56259 | Depths:1 | magus.rc [v1.9.6]
 56303 | Depths:1 | Found a burning altar of Makhleb.
 56317 | Depths:1 | Reached skill level 1 in Necromancy
 56321 | Depths:1 | Reached skill level 2 in Necromancy
 56417 | Depths:1 | Reached skill level 3 in Necromancy
 56943 | Depths:1 | Reached skill level 4 in Necromancy
 57225 | Depths:1 | Identified a scroll of acquirement
 57259 | Depths:1 | Found a gateway to Hell.
 57260 | Depths:1 | Identified the "Wuufuxt" (You acquired it on level 1 of
                  | the Depths)
 57260 | Depths:1 | Acquired Yschui Bantob's Information on the Curse
 57261 | Depths:1 | You add the spells Cause Fear, Anguish, Summon Mana Viper
                  | and Discord to your library.
 57267 | Depths:1 | Reached skill level 5 in Necromancy
 57403 | Depths:2 | Found Etitade's Antique Armour Boutique.
 57423 | Depths:2 | Reached skill level 6 in Necromancy
 57427 | Depths:2 | Paralysed by a sphinx for 3 turns
 57640 | Depths:2 | Paralysed by a floating eye for 3 turns
 58170 | Depths:2 | Noticed Asterion
 58183 | Depths:2 | Killed Asterion
 58516 | Depths:2 | Reached skill level 18 in Shields
 58747 | Depths:2 | Found the +1 cloak of Starlight {*Dazzle EV+4 Stlth--}
 58760 | Depths:2 | Reached XP level 22. HP: 211/211 MP: 26/39
 58881 | Depths:2 | You pick up a book of Flames and begin reading...
 59282 | Depths:2 | Found a one-way gate leading to the halls of Pandemonium.
 59317 | Depths:2 | Found an ornate altar of the Wu Jian Council.
 59847 | Depths:2 | magus.rc [v1.9.6]
 59975 | Depths:3 | Reached skill level 18 in Dodging
 60056 | Depths:3 | Found a one-way gateway to a ziggurat.
 60365 | Depths:3 | +0 storm dragon scales {rare}; a storm dragon corpse
 60829 | Depths:3 | Reached skill level 19 in Shields
 61608 | Depths:3 | Found a one-way gate to the infinite horrors of the Abyss.
 62103 | Depths:3 | Reached skill level 10 in Translocations
 62447 | Depths:3 | Identified a +2 crystal plate armour
 62484 | Depths:3 | Identified +1 pearl dragon scales
 62484 | Depths:3 | Identified the +2 chain mail of Ateedoarch {*Slow rF+ rN++
                  | Int+2}
 62485 | Depths:3 | Identified the +12 spear of Fugamid {vamp, Int+2}
 62807 | Depths:4 | Entered Level 4 of the Depths
 63249 | Depths:4 | Reached skill level 11 in Translocations
 63351 | Depths:4 | You add the spells Vhi's Electric Charge and Disjunction to
                  | your library.
 63655 | Depths:4 | Found a shadowy altar of Dithmenos.
 63726 | Depths:4 | Reached skill level 12 in Translocations
 63886 | Depths:4 | Found a glowing silver altar of Zin.
 63925 | Depths:4 | Reached XP level 23. HP: 203/218 MP: 2/40
 64608 | Depths:4 | Reached skill level 13 in Translocations
 65264 | Depths:4 | Found an ancient bone altar of Kikubaaqudgha.
 65287 | Depths:4 | Identified +0 gold dragon scales
 65289 | Depths:4 | Reached skill level 14 in Translocations
 65600 | Depths:4 | Found a gate to the Realm of Zot.
 65665 | Depths:4 | Found a hazy altar of Hepliaklqana.
 66872 | Elf:1    | Bought a runed kite shield for 225 gold pieces
 67259 | Vaults:4 | magus.rc [v1.9.6]
 67262 | Vaults:5 | Entered Level 5 of the Vaults
 67319 | Vaults:5 | Noticed an ancient lich
 67336 | Vaults:5 | Killed an ancient lich
 67354 | Vaults:5 | Reached skill level 20 in Shields
 67524 | Vaults:5 | Reached skill level 21 in Shields
 67814 | Vaults:5 | Reached skill level 19 in Fighting
 67988 | Vaults:5 | Noticed an ancient lich
 68006 | Vaults:5 | Killed an ancient lich
 68165 | Vaults:5 | Identified the +6 mace of Ru, Writhing {elec, rN+ Stlth+}
 68287 | Vaults:5 | Reached skill level 22 in Shields
 68298 | Vaults:5 | +0 shadow dragon scales {rare}; a shadow dragon corpse
 68301 | Vaults:5 | Reached XP level 24. HP: 216/234 MP: 16/41
 68334 | Vaults:5 | Identified the staff of Malum Prohibitum {rCorr Str-4 Int+3
                  | Stlth+ Earth}
 68337 | Vaults:5 | You pick up a book of Dangerous Friends and begin
                  | reading...
 68337 | Vaults:5 | You add the spells Orb of Destruction and Spellforged
                  | Servitor to your library.
 68339 | Vaults:5 | You add the spells Shock and Static Discharge to your
                  | library.
 68565 | Vaults:5 | You pick up a book of Dangerous Friends and begin
                  | reading...
 68709 | Vaults:5 | Identified the staff "Boyn" {+Blink rN+ Int+2 Necro}
 68996 | Vaults:5 | Identified the +1 war axe "Ylosil" {heavy, rN++ Dex+4}
 68998 | Vaults:5 | Identified the +4 rapier of Fujism {heavy, Dex+3}
 69005 | Vaults:5 | Got a silver rune of Zot
 69104 | Vaults:5 | Reached skill level 20 in Fighting
 69198 | Vaults:5 | Identified the ring of Ajaucunt {rN++ rCorr}
 69949 | Zot:1    | Entered Level 1 of the Realm of Zot
 69989 | Zot:1    | +0 shadow dragon scales {rare}; a shadow dragon corpse
 70042 | Zot:2    | Reached skill level 23 in Shields
 70383 | Zot:2    | Noticed a dread lich
 70387 | Zot:2    | Paralysed by a dread lich for 2 turns
 70400 | Zot:2    | Reached skill level 19 in Dodging
 70400 | Zot:2    | Killed a dread lich
 70654 | Zot:3    | Noticed an electric golem
 71034 | Zot:3    | Identified the +2 dagger of Pigode {flame, rC++ rN++ Dex-2}
 71083 | Zot:3    | Noticed a Killer Klown
 71369 | Zot:3    | Killed a Killer Klown
 71374 | Zot:3    | Reached skill level 21 in Fighting
 71703 | Zot:3    | Noticed an ancient lich
 71863 | Zot:3    | Killed an ancient lich
 72036 | Zot:3    | Killed an electric golem
 72229 | Zot:3    | You pick up a book of the Tundra and begin reading...
 72229 | Zot:3    | You add the spells Hailstorm, Summon Ice Beast and
                  | Simulacrum to your library.
 72273 | Zot:3    | You pick up a book of Callings and begin reading...
 72347 | Zot:4    | magus.rc [v1.9.6]
 72469 | Zot:4    | +0 storm dragon scales {rare}; a storm dragon corpse
 72707 | Zot:4    | Noticed a curse toe
 72718 | Zot:4    | Killed a curse toe
 73029 | Zot:4    | Identified the +1 falchion of the Gloaming {freeze, rN+
                  | Str+2 Int+3}
 73080 | Zot:4    | Reached skill level 20 in Dodging
 73469 | Zot:4    | Reached skill level 22 in Fighting
 73504 | Zot:4    | Reached XP level 25. HP: 181/250 MP: 20/41
 73836 | Zot:4    | Noticed a curse toe
 73848 | Zot:4    | Killed a curse toe
 74215 | Zot:4    | Identified the +1 robe of the Saviour {Harm rPois Archmagi}
 75271 | Zot:5    | Entered Level 5 of the Realm of Zot
 75447 | Zot:5    | +0 storm dragon scales {rare}; a storm dragon corpse
 76128 | Zot:5    | Reached skill level 23 in Fighting
 76348 | Zot:5    | Learned a level 7 spell: Enfeeble
 76770 | Zot:5    | Reached skill level 9 in Hexes
 76775 | Zot:5    | Noticed an ancient lich
 76784 | Zot:5    | Killed an ancient lich
 77091 | Zot:5    | Noticed an ancient lich
 77104 | Zot:5    | Noticed an orb of fire
 77107 | Zot:5    | Noticed a Killer Klown
 77112 | Zot:5    | Killed an ancient lich
 77113 | Zot:5    | Reached skill level 10 in Hexes
 77113 | Zot:5    | Gained mutation: You passively map a small area around you.
                  | [an orb of fire]
 77118 | Zot:5    | Killed an orb of fire
 77122 | Zot:5    | Noticed an electric golem
 77123 | Zot:5    | Noticed a dread lich
 77125 | Zot:5    | Noticed a Killer Klown
 77125 | Zot:5    | Noticed a Killer Klown
 77130 | Zot:5    | Killed an electric golem
 77131 | Zot:5    | Killed a Killer Klown
 77138 | Zot:5    | Killed a dread lich
 77142 | Zot:5    | Killed a Killer Klown
 77142 | Zot:5    | Noticed a dread lich
 77143 | Zot:5    | Reached skill level 11 in Hexes
 77143 | Zot:5    | Killed a Killer Klown
 77154 | Zot:5    | Killed a dread lich
 77191 | Zot:5    | Reached skill level 12 in Hexes
 77355 | Zot:5    | Got the Orb of Zot
 77683 | Depths:1 | Reached skill level 13 in Hexes
 77706 | Depths:1 | Reached XP level 26. HP: 192/261 MP: 34/41
 77997 | D:6      | Killed Grinder
 78023 | D:6      | Killed Duvessa
 78031 | D:5      | Killed Dowan
 78044 | D:4      | Noticed Odghakhluy the pandemonium lord
 78154 | D:$      | Escaped with the Orb!

Vanquished Creatures
  3 dread liches
  An orb of fire (Zot:5)
  5 ancient liches
  Mara (Swamp:4)
  4 Killer Klowns
  Bai Suzhen (Spider:4)
  Saint Roka (Vaults:4)
  2 curse toes (Zot:4)
  Jory (Vaults:2)
  6 golden dragons
  A bone dragon (Zot:3)
  Nikola (Vaults:2)
  A Tzitzimitl (Depths:1)
  A Brimstone Fiend (Depths:3)
  An Ice Fiend (Depths:3)
  A hellephant (Depths:1)
  2 electric golems
  Mlioglotl (Swamp:1)
  Jorgrun (D:15)
  24 tentacled monstrosities
  A walking earthen tome (Depths:3)
  3 liches
  31 Orb Guardians
  Asterion (Depths:2)
  The ghost of Plog the Tortoise, an adept AtMo of Okawaru (Vaults:4)
  10 titans
  4 quicksilver dragons
  A kraken (Swamp:1)
  A deep elf master archer (Elf:3)
  7 sphinxes
  10 acid blobs (Zot:4)
  An Executioner (D:6)
  5 death cobs
  2 deep elf blademasters (Elf:3)
  A thorn hunter (Swamp:2)
  6 shadow dragons
  Gastronok (Lair:1)
  A demonspawn warmonger (Zot:5)
  2 draconian monks
  A revenant (Vaults:2)
  A fenstrider witch (Swamp:3)
  The ghost of DEFE the Wallflower, an adept DsFi of Uskayaw (D:14)
  11 tengu reavers
  13 storm dragons
  7 fire giants
  2 draconian scorchers (Zot:4)
  13 ghost moths
  14 vault wardens
  4 orc warlords
  2 iron dragons
  6 deep elf sorcerers
  Louise (D:15)
  4 imperial myrmidons (Desolation)
  8 deep elf elementalists
  9 draconian knights
  10 emperor scorpions
  9 frost giants
  5 draconian annihilators
  3 balrugs
  A cacodemon (Vaults:4)
  A broodmother (Spider:3)
  8 draconian shifters
  18 ironbound preservers
  2 reapers
  2 spriggan defenders (Depths:3)
  8 draconian stormcallers
  14 stone giants
  24 very ugly things
  A war gargoyle (Depths:4)
  3 formless jellyfish
  A quicksilver ooze (shapeshifter) (Vaults:5)
  10 green draconians
  A demonspawn corrupter (Zot:5)
  5 ironbound thunderhulks
  4 vampire knights
  25 yellow draconians
  3 eleionomae
  10 dire elephants
  6 deep elf demonologists
  A halazid warlock (Desolation)
  3 bunyips
  7 deep elf annihilators
  6 white draconians
  5 black draconians
  8 spark wasps
  10 red draconians
  5 blizzard demons
  8 deep elf death magi
  7 purple draconians
  A green death (Zot:5)
  7 ettins
  Snorg (Lair:5)
  2 crystal guardians (Desolation)
  2 ragged hierophants (Desolation)
  A shambling mangrove (Swamp:3)
  4 entropy weavers
  12 fire dragons
  6 great orbs of eyes
  8 deep elf high priests
  Josephine (D:15)
  13 yaktaur captains
  4 servants of whispers (Desolation)
  5 ice dragons
  20 vault guards
  Erolcha (D:9)
  A rakshasa (Depths:3)
  4 ghost crabs
  19 hydras
  3 alligators
  6 spriggan air magi
  An alligator snapping turtle (shapeshifter) (Depths:2)
  3 catoblepae
  6 boulder beetles
  9 centaur warriors
  8 peacekeepers
  6 radroaches
  12 ironbound frosthearts
  An anaconda (shapeshifter) (Zot:3)
  16 dancing weapons
  A two-headed ogre (D:10)
  10 deep troll shamans
  A death knight (D:14)
  9 tengu warriors
  5 death yaks (Lair:5)
  14 hell hogs
  A vampire mage (Depths:1)
  3 orc high priests (Orc:2)
  10 demonic crawlers
  9 deep troll earth magi
  11 deep elf knights
  3 spriggan berserkers
  8 hell knights
  6 soul eaters
  3 sun demons (Depths:4)
  Sonja (Lair:4)
  A sixfirhy (D:12)
  Amaemon (D:8)
  10 iron trolls
  2 goliath frogs (shapeshifter)
  2 goliath frogs (Swamp:3)
  2 skysharks (Lair:4)
  2 shadow wraiths
  5 skeletal warriors
  3 glowing orange brains
  9 pharaoh ants
  A spectral anaconda (Lair:5)
  A sea snake (shapeshifter) (Vaults:5)
  10 swamp dragons
  A shadow demon (D:6)
  6 arcanists
  9 orb spiders
  65 deep trolls
  12 bog bodies
  5 spriggan druids
  A quicksilver dragon simulacrum (Depths:4)
  Pikel (D:4)
  9 deep elf archers
  10 orc knights
  8 steelbarb worms
  7 lindwurms
  13 ironbound convokers
  16 deep elf pyromancers
  5 necromancers
  An occultist (Depths:2)
  9 phantasmal warriors
  17 deep elf zephyrmancers
  21 wolf spiders
  5 harpies
  35 ugly things
  6 orc sorcerers
  6 oklob plants (Zot:4)
  A mana viper (shapeshifter) (D:14)
  4 cyclopes
  3 manticores
  19 moths of wrath
  3 will-o-the-wisps (Swamp:1)
  11 elephants
  3 ice statues
  4 black mambas
  A rust devil (D:13)
  A dire elephant zombie (Lair:5)
  22 vault sentinels
  Maggie (Lair:2)
  3 gargoyles
  A cane toad (shapeshifter) (Elf:2)
  2 guardian serpents (Desolation)
  9 torpor snails
  3 kobold demonologists
  Jeremiah (D:9)
  12 cane toads
  An orange demon (D:8)
  2 efreet (D:14)
  A komodo dragon (shapeshifter) (D:13)
  27 yaktaurs
  2 hellions (Depths:3)
  2 ice devils
  3 freezing wraiths
  5 rime drakes
  7 komodo dragons
  2 guardian mummies (Zot:3)
  6 tengu conjurers
  A bloated husk (Swamp:2)
  10 trolls
  Grinder (D:6)
  A tarantella (shapeshifter) (D:9)
  9 tyrant leeches
  A hornet (shapeshifter) (Elf:1)
  11 hornets
  2 merfolk (shapeshifter)
  3 polar bears
  A wolf spider simulacrum (D:14)
  Prince Ribbit (D:9)
  A meliai (shapeshifter) (Vaults:5)
  34 saltlings (Desolation)
  4 large abominations
  26 tarantellas
  23 blink frogs
  A raiju (shapeshifter) (D:15)
  7 dream sheep (Lair:4)
  66 slime creatures
  Sigmund (D:6)
  33 jumping spiders
  32 culicivoras
  A jumping spider (shapeshifter) (D:15)
  2 water elementals (Elf:1)
  11 spriggans
  4 air elementals
  7 wraiths
  27 yaks
  2 shadows
  2 fire elementals (Elf:3)
  A human (D:14)
  A basilisk (D:15)
  6 wyverns
  5 chaos spawn
  2 hogs (shapeshifter)
  A golden eye (shapeshifter) (D:15)
  14 vampire mosquitoes
  A neqoxec (D:3)
  61 redbacks
  Grum (Lair:1)
  8 small abominations (Depths:3)
  14 swamp worms
  Menkaure (D:7)
  7 wargs
  A steam dragon (shapeshifter) (Vaults:4)
  2 steam dragons (D:6)
  4 acid dragons
  24 water moccasins
  3 floating eyes
  30 orc warriors
  6 swamp drakes (Swamp:4)
  A swamp drake (shapeshifter) (Vaults:4)
  A sky beast (shapeshifter) (Vaults:4)
  2 ice beasts
  An elephant zombie (Lair:5)
  9 ogres
  A wolf (shapeshifter) (Vaults:4)
  A boggart (D:9)
  A boggart (shapeshifter) (Vaults:4)
  18 wolves
  9 centaurs
  An elephant skeleton (Lair:5)
  A lemure (D:4)
  2 phantoms
  5 kobold brigands
  24 bullfrogs
  4 scorpions
  8 wights
  Dowan (D:5)
  9 killer bees
  2 lindwurm simulacra (IceCv)
  20 jellies
  3 electric eels
  6 howler monkeys
  2 crimson imps (Depths:3)
  5 komodo dragon simulacra (IceCv)
  14 orc priests
  2 hounds
  Terence (D:2)
  Natasha (D:4)
  4 iguanas
  22 orc wizards
  11 hell rats
  Robin (D:3)
  10 gnolls
  6 acid dragon simulacra (IceCv)
  5 adders
  A shadow imp (D:5)
  A white imp (D:6)
  8 steam dragon simulacra (IceCv)
  3 worms (D:2)
  A worm (shapeshifter) (Vaults:4)
  A dart slug (D:1)
  56 orcs
  An orc (shapeshifter) (Vaults:4)
  7 bats
  7 endoplasms
  2 giant cockroaches
  A giant cockroach (shapeshifter) (Vaults:4)
  15 goblins
  9 hobgoblins
  3 jackals (D:2)
  3 quokkas
  A ball python (shapeshifter) (Vaults:4)
  4 ball pythons
  5 frilled lizards
  30 kobolds
  6 rats
  A butterfly (Lair:1)
  2 tentacles (Swamp:1)
2136 creatures vanquished.

Vanquished Creatures (collateral kills)
  the Lernaean hydra (Swamp:4)
  A tentacled monstrosity (Vaults:5)
  A sphinx (Vaults:5)
  A shadow dragon (Vaults:5)
  An ironbound preserver (Vaults:5)
  A yaktaur captain (Vaults:5)
  2 ettins (Vaults:5)
  5 vault guards (Vaults:5)
  A tengu warrior (Depths:2)
  2 vault sentinels (Vaults:5)
  A rime drake (IceCv)
  A tengu conjurer (Depths:2)
  A human zombie (Vaults:5)
  3 yaktaurs (Vaults:5)
  A swamp drake (Swamp:4)
23 creatures vanquished.

Vanquished Creatures (others)
  A quicksilver dragon zombie (Vaults:5)
  2 very ugly thing zombies (Vaults:5)
  A sphinx zombie (Vaults:5)
  A quicksilver ooze zombie (Vaults:5)
  A deep elf knight (Elf:1)
  A quicksilver dragon simulacrum (Depths:4)
  A spriggan druid (Swamp:3)
  A steelbarb worm (Spider:4)
  A shadow dragon zombie (Depths:2)
  A goliath frog zombie (Vaults:5)
  A deep elf zephyrmancer (Elf:2)
  An ugly thing (D:15)
  2 stone giant zombies
  An elf zombie (Vaults:5)
  12 human zombies (Vaults:5)
  2 bloated husks (Swamp:3)
  2 ettin zombies (Vaults:5)
  A fire dragon zombie (Depths:2)
  Duvessa (D:6)
  5 deep troll zombies
  6 ettin simulacra (Depths:4)
  2 yaktaur zombies (Vaults:5)
  3 tengu zombies
  A white imp (Depths:3)
  An orc (D:6)
  6 foxfires (Swamp:1)
  4 tentacles (Swamp:1)
62 creatures vanquished.

Grand Total: 2221 creatures vanquished

Table legend:
 A = Non-vault XP
 B = Vault XP
 C = Vault XP percentage of total XP
 D = Non-vault monster count
 E = Vault monster count
 F = Vault count percentage of total count
                 A         B        C        D         E       F
            +---------+---------+-------+---------+---------+-------
      Total |  583253 |  720386 |  55.3 |    1236 |     905 |  42.3
            +---------+---------+-------+---------+---------+-------
        D:1 |      42 |       0 |   0.0 |      25 |       0 |   0.0
        D:2 |      61 |      41 |  40.2 |      25 |       4 |  13.8
        D:3 |     173 |      38 |  18.0 |      16 |      12 |  42.9
        D:4 |     231 |     686 |  74.8 |      14 |       2 |  12.5
        D:5 |     469 |      63 |  11.8 |      14 |       1 |   6.7
        D:6 |     412 |     990 |  70.6 |      15 |       5 |  25.0
        D:7 |     984 |     172 |  14.9 |      12 |       1 |   7.7
        D:8 |    1729 |    1445 |  45.5 |      20 |       4 |  16.7
        D:9 |    1964 |    4635 |  70.2 |      22 |      19 |  46.3
       D:10 |    3465 |       0 |   0.0 |      16 |       0 |   0.0
       D:11 |    2822 |       0 |   0.0 |      19 |       0 |   0.0
       D:12 |    4414 |    2843 |  39.2 |      16 |      17 |  51.5
       D:13 |    2632 |    2386 |  47.5 |       8 |       4 |  33.3
       D:14 |    7902 |    7677 |  49.3 |      26 |      13 |  33.3
       D:15 |   15257 |    6219 |  29.0 |      39 |       9 |  18.8
     Lair:1 |    5274 |    2435 |  31.6 |      22 |       8 |  26.7
     Lair:2 |    6951 |    3694 |  34.7 |      25 |      13 |  34.2
     Lair:3 |    8583 |     298 |   3.4 |      36 |       1 |   2.7
     Lair:4 |    5943 |    6592 |  52.6 |      26 |      19 |  42.2
     Lair:5 |    8146 |    8713 |  51.7 |      27 |      17 |  38.6
    Swamp:1 |   11832 |    3459 |  22.6 |      28 |       2 |   6.7
    Swamp:2 |    9364 |       0 |   0.0 |      13 |       0 |   0.0
    Swamp:3 |   12091 |       0 |   0.0 |      27 |       0 |   0.0
    Swamp:4 |   10581 |   26893 |  71.8 |      18 |      34 |  65.4
   Spider:1 |   15481 |    1576 |   9.2 |      34 |       5 |  12.8
   Spider:2 |   21269 |       0 |   0.0 |      51 |       0 |   0.0
   Spider:3 |   26747 |       0 |   0.0 |      64 |       0 |   0.0
   Spider:4 |   13625 |   25182 |  64.9 |      37 |      42 |  53.2
      Orc:1 |    1841 |       0 |   0.0 |      18 |       0 |   0.0
      Orc:2 |    5009 |    8266 |  62.3 |      48 |      25 |  34.2
      Elf:1 |   16960 |     813 |   4.6 |      25 |       2 |   7.4
      Elf:2 |   19854 |    1649 |   7.7 |      30 |       2 |   6.2
      Elf:3 |   18143 |   34277 |  65.4 |      29 |      31 |  51.7
   Vaults:1 |   37426 |   13759 |  26.9 |      58 |      20 |  25.6
   Vaults:2 |    7313 |   30526 |  80.7 |      16 |      39 |  70.9
   Vaults:3 |   15060 |   27134 |  64.3 |      23 |      40 |  63.5
   Vaults:4 |   37019 |   37254 |  50.2 |      58 |      51 |  46.8
   Vaults:5 |   26509 |   95218 |  78.2 |      38 |      86 |  69.4
   Depths:1 |   20330 |    8693 |  30.0 |      21 |       7 |  25.0
   Depths:2 |   41033 |   12428 |  23.2 |      53 |      10 |  15.9
   Depths:3 |   32849 |   40345 |  55.1 |      35 |      47 |  57.3
   Depths:4 |    1286 |   94222 |  98.7 |       2 |      98 |  98.0
      Zot:1 |    2764 |       0 |   0.0 |       2 |       0 |   0.0
      Zot:2 |   27430 |    7320 |  21.1 |      23 |       5 |  17.9
      Zot:3 |    6128 |   42678 |  87.4 |       4 |      31 |  88.6
      Zot:4 |   34839 |   45312 |  56.5 |      30 |      59 |  66.3
      Zot:5 |   33016 |   81564 |  71.2 |      28 |      36 |  56.2
      IceCv |       0 |    3907 | 100.0 |       0 |      28 | 100.0
 Desolation |       0 |   28984 | 100.0 |       0 |      56 | 100.0
            +---------+---------+-------+---------+---------+-------

Skill      XL: |  1  2  3  4  5  6  7  8  9 10 11 12 13 14 15 16 17 18 19 20 21 22 23 24 25 |
---------------+----------------------------------------------------------------------------+-----
Hexes          | 3 4 5 6 7 8 13 | 13.4
Ice Magic      | 1 2 1 5 |  5.0
Fighting       | 1 4 6 10 11 12 14 15 18 19 22 23 | 23.0
Short Blades   | 2 4 |  4.0
Dodging        | 3 5 10 12 13 14 16 17 18 20 | 20.9
Poison Magic   | 6 |  6.2
Spellcasting   | 3 4 5 6 8 9 10 | 10.4
Long Blades    | 8 11 13 | 13.1
Evocations     | 6 |  6.2
Shields        | 3 11 12 13 14 16 18 19 22 23 | 23.0
Transmutations | 3 4 8 |  8.7
Conjurations   | 1 3 7 |  7.9
Air Magic      | 5 |  5.6
Translocations | 3 9 12 14 | 14.8
Stealth        | 6 |  6.5
Necromancy     | 6 |  6.0

Action                     |  1- 3 |  4- 6 |  7- 9 | 10-12 | 13-15 | 16-18 | 19-21 | 22-24 | 25-27 || total
---------------------------+-------+-------+-------+-------+-------+-------+-------+-------+-------++-------
  Melee: Dagger            |   107 |   141 |   119 |       |       |       |       |       |       ||   367
         Tailslap          |    11 |    19 |    22 |    28 |   142 |   164 |   106 |   196 |    73 ||   761
         Punch             |       |     1 |     2 |     4 |     6 |       |       |       |       ||    13
         Double sword      |       |       |    18 |   223 |   731 |  1002 |  1263 |  1659 |   584 ||  5480
  Throw: Stone             |     2 |     2 |       |       |       |       |       |       |       ||     4
         Dart              |       |     5 |     2 |       |       |       |       |       |       ||     7
   Cast: Ensorcelled Hiber |    15 |    15 |    16 |       |       |       |       |       |       ||    46
         Confusing Touch   |       |     6 |    12 |       |       |       |       |       |       ||    18
         Olgreb's Toxic Ra |       |       |    14 |    79 |   109 |   102 |       |       |       ||   304
         Yara's Violent Un |       |       |       |       |     2 |     1 |     4 |     4 |     1 ||    12
         Freezing Cloud    |       |       |       |       |       |    56 |    26 |    13 |       ||    95
         Irradiate         |       |       |       |       |       |     4 |    10 |     7 |       ||    21
         Manifold Assault  |       |       |       |       |       |    83 |   456 |   485 |   179 ||  1203
         Animate Dead      |       |       |       |       |       |       |     2 |     5 |       ||     7
 Invoke: Curse Item        |       |     1 |     3 |     2 |     7 |       |       |     1 |       ||    14
         Shatter the Chain |       |       |     1 |     1 |     2 |       |     1 |       |       ||     5
Ability: Breathe Fire      |       |       |    25 |    44 |    40 |    19 |     4 |       |       ||   132
  Evoke: Wand              |       |       |     1 |     8 |    21 |       |       |     1 |     1 ||    32
         Lightning rod     |       |       |       |       |     2 |       |       |     2 |       ||     4
         Tin of tremorston |       |       |       |       |       |       |     3 |     1 |       ||     4
         Phantom mirror    |       |       |       |       |       |       |     1 |       |       ||     1
    Use: Scroll            |     2 |     2 |     3 |     1 |     3 |     2 |     3 |    12 |     4 ||    32
         Potion            |       |       |     1 |     4 |     3 |     2 |     3 |     5 |    18 ||    36
   Stab: Sleeping          |    16 |     9 |    10 |     2 |    21 |    26 |    12 |     9 |       ||   105
         Confused          |       |     4 |     4 |       |       |       |       |       |       ||     8
         Invisible         |       |       |       |     1 |     4 |       |       |    13 |     8 ||    26
         Distracted        |       |       |       |       |     4 |     5 |     3 |     8 |     2 ||    22
 Armour: Skin              |    36 |    54 |    64 |   110 |   160 |   220 |   176 |   218 |    43 ||  1081
  Dodge: Dodged            |    51 |    73 |    71 |   141 |   360 |   365 |   239 |   465 |   124 ||  1889
  Block: Other             |       |    20 |    18 |    34 |    35 |       |       |       |       ||   107
         Reflection        |       |     3 |     1 |     1 |    26 |    18 |    54 |    33 |    11 ||   147
         Buckler           |       |       |       |       |    67 |       |       |       |       ||    67
         Kite shield       |       |       |       |       |   185 |   746 |   419 |   674 |   174 ||  2198

Illustrated notes

Table legend:
 A = Kills in this place as a percentage of kills in the entire game.
 B = Kills by you in this place as a percentage of kills by you in the entire game.
 C = Kills by friends in this place as a percentage of kills by friends in the entire game.
 D = Other kills in this place as a percentage of other kills in the entire game.
 E = Experience gained in this place as a percentage of experience gained in the entire game.
 F = Experience gained in this place divided by the number of levels of this place that you have seen.
                   A       B       C       D       E      F
               +-------+-------+-------+-------+-------+----------------------
         Total | 100.0 | 100.0 | 100.0 | 100.0 | 100.0 | 26529.8
       Dungeon |  18.0 |  18.1 |   0.0 |  25.0 |   5.9 | 5218.7
          Lair |   9.0 |   9.1 |   0.0 |   0.0 |   4.3 | 11325.8
         Swamp |   5.6 |   5.5 |   9.1 |  37.5 |   5.6 | 18555.0
   Spider Nest |  10.8 |  10.9 |   0.0 |  12.5 |   7.8 | 25970.0
  Orcish Mines |   4.2 |   4.3 |   0.0 |   0.0 |   1.1 | 7558.0
   Elven Halls |   5.5 |   5.5 |   0.0 |  25.0 |   6.9 | 30565.3
        Vaults |  19.9 |  19.3 |  77.3 |   0.0 |  24.7 | 65443.6
        Depths |  12.8 |  12.9 |   9.1 |   0.0 |  19.5 | 64594.8
           Zot |  10.4 |  10.5 |   0.0 |   0.0 |  21.7 | 57636.2
      Ice Cave |   1.3 |   1.3 |   4.5 |   0.0 |   0.3 | 3907.0
    Desolation |   2.6 |   2.6 |   0.0 |   0.0 |   2.2 | 28984.0
               +-------+-------+-------+-------+-------+----------------------

Table legend: (Time is in decaauts)
 A = Elapsed time spent in this place.
 B = Non-inter-level travel time spent in this place.
 C = Inter-level travel time spent in this place.
 D = Time resting spent in this place.
 E = Time spent auto-exploring this place.
 F = Levels seen in this place.
 G = Mean time per level.
                   A        B        C        D        E       F      G
               +--------+--------+--------+--------+--------+-----+--------+
         Total |  77389 |  70311 |   7078 |  15454 |  39988 |  50 | 1547.8 |
       Dungeon |  18813 |  15464 |   3349 |   2191 |   8464 |  15 | 1254.2 |
        Temple |      1 |      1 |      0 |      0 |      0 |   1 |    1.0 |
          Lair |   8251 |   7586 |    665 |   1394 |   4832 |   5 | 1650.2 |
         Swamp |   5861 |   5610 |    251 |   2176 |   2652 |   4 | 1465.2 |
   Spider Nest |   5913 |   5501 |    412 |    938 |   3327 |   4 | 1478.2 |
  Orcish Mines |   2765 |   1900 |    865 |    344 |   1192 |   2 | 1382.5 |
   Elven Halls |   4088 |   3845 |    243 |    874 |   2356 |   3 | 1362.7 |
        Vaults |  11785 |  11264 |    521 |   1321 |   7890 |   5 | 2357.0 |
        Depths |  10492 |  10006 |    486 |   2343 |   6320 |   4 | 2623.0 |
           Zot |   7378 |   7096 |    282 |   2839 |   2705 |   5 | 1475.6 |
      Ice Cave |    894 |    894 |      0 |    516 |    102 |   1 |  894.0 |
    Desolation |   1144 |   1144 |      0 |    515 |    147 |   1 | 1144.0 |
               +--------+--------+--------+--------+--------+-----+--------+

Top non-repeatable levels by time:
Vaults:4: 3389 daAuts
Depths:4: 3173 daAuts
Depths:3: 3131 daAuts
   Zot:4: 3130 daAuts
Vaults:1: 2269 daAuts
Vaults:5: 2267 daAuts
Depths:2: 2179 daAuts
Vaults:2: 2088 daAuts
Depths:1: 2008 daAuts
   Elf:2: 1974 daAuts
Spider:4: 1900 daAuts
  Lair:4: 1874 daAuts
  Lair:2: 1839 daAuts
   Zot:5: 1837 daAuts
     D:2: 1811 daAuts
